 Dungeon Crawl Stone Soup version 0.23.2-1-ga50397a (webtiles) character file.

Game seed: 5136900930428319253

63 esteth the Grave Robber (level 3, -3/24 HPs)
             Began as a Demonspawn Necromancer on Apr 16, 2019.
             Killed from afar by Ijyb (27 damage)
             ... with a wand of acid (7)
             ... on level 3 of the Dungeon.
             The game lasted 00:04:27 (2284 turns).

esteth the Grave Robber (Demonspawn Necromancer)    Turns: 2284, Time: 00:04:27

Health: -3/24      AC:  2    Str:  8    XL:     3   Next: 89%
Magic:  6/6        EV: 12    Int: 17    God:
Gold:   149        SH:  0    Dex: 13    Spells: 4/6 levels left

rFire    . . .     SeeInvis .   g - +3 dagger
rCold    . . .     Gourm    .   (no shield)
rNeg     . . .     Faith    .   a - +0 robe
rPois    .         Spirit   .   (no helmet)
rElec    .         Reflect  .   (no cloak)
rCorr    .         Harm     .   (no gloves)
MR       .....                  (no boots)
Stlth    ++........             (no amulet)
HPRegen  0.08/turn              (no ring)
MPRegen  0.10/turn              (no ring)

@: no status effects
A: talons 1
a: no special abilities


You were on level 3 of the Dungeon.
You were not hungry.

You visited 1 branch of the dungeon, and saw 3 of its levels.

You collected 149 gold pieces.

Inventory:

Hand Weapons
 b - a +0 spear
 g - a +3 dagger (weapon)
Missiles
 h - 8 tomahawks of dispersal (quivered)
Armour
 a - a +0 robe (worn)
Scrolls
 d - a scroll of enchant armour {unknown}
 f - 3 scrolls of identify {unknown}
 i - 2 scrolls of noise {unknown}
 j - a scroll of amnesia {unknown}
 k - a scroll of immolation {unknown}
 l - a scroll of enchant weapon {unknown}
Potions
 e - a potion of curing {unknown}
 m - 2 potions of brilliance {unknown}
Comestibles
 c - 5 rations
 n - 8 chunks of flesh


   Skills:
 - Level 1.7 Dodging
 - Level 1.7 Stealth
 - Level 2.0 Spellcasting
 + Level 6.1 Necromancy


You had 4 spell levels left.
You knew the following spells:

 Your Spells              Type           Power        Failure   Level  Hunger
a - Pain                  Necr           ###.         1%          1    #......
b - Animate Skeleton      Necr           N/A          1%          1    #......

Your spell library contained the following spells:

 Spells                   Type           Power        Failure   Level  Hunger
 Vampiric Draining        Necr           ###.......   4%          3    ###....
 Animate Dead             Necr           N/A          16%         4    #####..
 Regeneration             Chrm/Necr      ##........   17%         3    ###....


Dungeon Overview and Level Annotations

Branches:
Dungeon (3/15)

Altars:
Ashenzari
Uskayaw

Annotations:
D:2 1 runed translucent door, Crazy Yiuf
D:3 Ijyb


Innate Abilities, Weirdness & Mutations

You have sharp toenails.


Message History

n - 4 chunks of flesh (gained 1)
Things that are here:
a worm corpse; a giant cockroach corpse You start resting.
Magic restored.
You butcher the worm corpse.
n - 5 chunks of flesh (gained 1)
You butcher the giant cockroach corpse.
n - 6 chunks of flesh (gained 1)
You swap places.
n - 7 chunks of flesh (gained 1)
n - 8 chunks of flesh (gained 1)
You now have 149 gold pieces (gained 11).
There is a stone staircase leading down here.
Ijyb the Twisted Goblin comes into view.
She is carrying a wand of acid (7).
You see here 4 gold pieces.
Ijyb shouts!
Ijyb zaps a wand.
The bolt of acid hits you!!
Ouch! That really hurt!
You die...

#.......# #.###...#
....#####...# ###
............# #.#
...#######..# ##g#
...#######..##.##.#
...............##.#
.....######.#####.#
...........Z.ZZ.@.#
..........#########
......≈≈..#
.....≈..≈.#
.≈≈..≈..≈≈≈#
≈..≈..≈..≈≈≈#
≈..≈⌠.≈...≈≈#
.≈.⌠≈..≈..≈≈#
.≈..≈..≈..≈≈#


You could see Ijyb, a friendly rat skeleton and 2 friendly goblin skeletons.

Vanquished Creatures
  An adder (D:2)
  3 worms
  2 dart slugs (D:1)
  An orc (D:3)
  7 bats
  3 giant cockroaches
  7 goblins
  5 hobgoblins
  A kobold (D:1)
  3 frilled lizards
  5 rats
38 creatures vanquished.

Vanquished Creatures (collateral kills)
  2 bats (D:1)
2 creatures vanquished.

Grand Total: 40 creatures vanquished

Notes
Turn   | Place    | Note
-------+----------+-------------------------------------------
     0 | D:1      | esteth the Demonspawn Necromancer began the quest for the
                  | Orb.
     0 | D:1      | Reached XP level 1. HP: 13/13 MP: 3/3
    66 | D:1      | Learned a level 1 spell: Animate Skeleton
   395 | D:1      | Gained mutation: You have sharp toenails. [demonic
                  | ancestry]
   395 | D:1      | Reached XP level 2. HP: 14/19 MP: 5/5
   507 | D:1      | You fall through a shaft!
   528 | D:2      | Reached skill level 5 in Necromancy
   965 | D:2      | Reached XP level 3. HP: 21/24 MP: 6/6
  1070 | D:2      | Found a runed translucent door.
  1071 | D:2      | Noticed Crazy Yiuf
  1293 | D:2      | Found a shattered altar of Ashenzari.
  1296 | D:2      | Found a hide-covered altar of Uskayaw.
  1334 | D:2      | Found a faded altar of an unknown god.
  1987 | D:3      | Reached skill level 6 in Necromancy
  2282 | D:3      | Noticed Ijyb
  2284 | D:3      | Killed from afar by Ijyb

Skill      XL: |  1  2  3 |
---------------+----------+-----
Necromancy     | 5 6 |  6.1
Dodging        | |  1.7
Stealth        | |  1.7
Spellcasting   | |  2.0

Action                   || total
-------------------------++-------
Melee: Spear             ||    58
       Unarmed           ||     1
       Dagger            ||    78
       Kick              ||    24
 Cast: Animate Skeleton  ||    17
       Pain              ||     4
 Stab: Sleeping          ||     4
       Distracted        ||     3
  Eat: Chunk             ||     5
Armor: Robe              ||    19
Dodge: Dodged            ||    73
